[Event "*** Titled Tuesday Blitz"]
[Site "Chess.com"]
[Date "2018.06.05"]
[Round "1"]
[White "GMSrinath"]
[Black "nOcHeaTiNgKiD"]
[Result "1-0"]
[WhiteElo "2661"]
[BlackElo "2335"]
[TimeControl "180+2"]
[EndTime "13:01:43 PDT"]
[Termination "GMSrinath won by resignation"]

1. e4 e5 2. Nf3 Nf6 3. Nxe5 d6 4. Nc4 Nxe4 5. d4 Be7 6. Bd3 d5 7. Ne3 O-O 8. O-O Nc6 9. c3 Be6 10. Bxe4 dxe4 11. d5 1-0

[Event "*** Titled Tuesday Blitz"]
[Site "Chess.com"]
[Date "2018.06.05"]
[Round "1"]
[White "olomi007"]
[Black "JosefineHeinemann"]
[Result "1-0"]
[WhiteElo "2636"]
[BlackElo "2312"]
[TimeControl "180+2"]
[EndTime "13:02:05 PDT"]
[Termination "olomi007 won by resignation"]

1. e4 e5 2. Nf3 Nc6 3. Bb5 a6 4.
Ba4 Nf6 5. O-O Nxe4 6. d4 b5 7. Bb3 d5 8. dxe5 Be6 9. Be3 Be7 10. c3 O-O 11. Re1 Bg4 12. Qxd5 Bxf3 13. gxf3 Ng5 14. Qxc6 Qc8 15. Bxg5 Bxg5 16. e6 Kh8 17. e7 Re8 18. Bxf7 Rxe7 19. Rxe7 Bxe7 20. Nd2 Bd6 21. Ne4 Rb8 22.
Nxd6 1-0

[Event "*** Titled Tuesday Blitz"]
[Site "Chess.com"]
[Date "2018.06.05"]
[Round "1"]
[White "Muracle"]
[Black "tteshan"]
[Result "1-0"]
[WhiteElo "2439"]
[BlackElo "1974"]
[TimeControl "180+2"]
[EndTime "13:02:22 PDT"]
[Termination "Muracle won by resignation"]

1. Nf3 c5 2. g3 d5 3. Bg2 Nc6 4. d4 cxd4 5. Nxd4 Nf6 6. O-O e6 7. c4 Bc5 8. Nxc6 bxc6 9. cxd5 exd5 10. Qc2 Qe7 11. b4 Bd4 12. Qxc6+ Qd7 13. Qxa8 Bxa1 14.
Be3 Be5 15. Bc5 Bd6 16. Bxd6 Qxd6 17. Qxc8+ 1-0

[Event "*** Titled Tuesday Blitz"]
[Site "Chess.com"]
[Date "2018.06.05"]
[Round "1"]
[White "Aygehovit1992"]
[Black "Karina_Oparina"]
[Result "1-0"]
[WhiteElo "2517"]
[BlackElo "2183"]
[TimeControl "180+2"]
[EndTime "13:02:25 PDT"]
[Termination "Aygehovit1992 won by resignation"]

1. e4 c6 2. d4 d5 3. e5 Bf5 4. h4 h5 5. Bd3 Bxd3 6. Qxd3 e6 7.
c4 dxc4 8. Qxc4 c5 9. Nf3 Nc6 10. dxc5 Qc7 11. Bf4 Nge7 12. Nc3 Ng6 13. Nb5 Qa5+ 14.
Bd2 Qd8 15. Bc3 Be7 16. Rd1 O-O 17. Rxd8 1-0

[Event "*** Titled Tuesday Blitz"]
[Site "Chess.com"]
[Date "2018.06.05"]
[Round "1"]
[White "fidetrainerNET"]
[Black "BlueWizzard"]
[Result "0-1"]
[WhiteElo "2140"]
[BlackElo "2484"]
[TimeControl "180+2"]
[EndTime "13:02:31 PDT"]
[Termination "BlueWizzard won by resignation"]

1. e4 d5 2. e5 c5 3. c4 Nc6 4. cxd5 Qxd5 5. f4 Bf5 6. Nc3 Qd7 7. Bb5 a6 8. Ba4 b5 9. Bc2 Bxc2 10. Qxc2 e6 11. Nf3 Nb4 12. Qe4 Nd3+ 13. Ke2 Rd8 14. b3 Nh6 15. h3 Nf5 16. Kd1 Nf2+ 17. Ke1 Nxe4 18. Nxe4 Nd4 19. Nxd4 Qxd4 20. Nc3 b4 21. Ne2 Qxa1 0-1

[Event "*** Titled Tuesday Blitz"]
[Site "Chess.com"]
[Date "2018.06.05"]
[Round "1"]
[White "FLchessplayer"]
[Black "FMAntonio"]
[Result "0-1"]
[WhiteElo "2017"]
[BlackElo "2442"]
[TimeControl "180+2"]
[EndTime "13:02:32 PDT"]
[Termination "FMAntonio won by resignation"]

1. d4 Nf6 2. Nf3 d5 3. e3 e6 4. c3 b6 5. Nbd2 Bb7 6. Bd3 Bd6 7. O-O O-O 8. Re1 c5 9. Nf1 Nbd7 10. Ng3 Ne4 11. Qc2 f5 12. Nd2 Ndf6 13. h3 Nxg3 14. fxg3 Bxg3 15. Rf1 Ne4 16. Bxe4 fxe4 17. b3 Qg5 0-1

[Event "*** Titled Tuesday Blitz"]
[Site "Chess.com"]
[Date "2018.06.05"]
[Round "1"]
[White "lionheart95"]
[Black "Rakhmanov_Aleksandr"]
[Result "0-1"]
[WhiteElo "2355"]
[BlackElo "2696"]
[TimeControl "180+2"]
[EndTime "13:02:42 PDT"]
[Termination "Rakhmanov_Aleksandr won by resignation"]

1. e4 c5 2. Nf3 Nf6 3. Nc3 d5 4.
exd5 Nxd5 5. Bb5+ Bd7 6. Bxd7+ Qxd7 7. Nxd5 Qxd5 8. O-O Nc6 9. d3 g6 10. Qe2 Bg7 11.
c3 O-O 12. Be3 e5 13. Rfd1 Rfe8 14. Nd2 f5 15. Qf3 Rad8 16. Qxd5+ Rxd5 17. Nb3 b6 18.
Rd2 f4 0-1

[Event "*** Titled Tuesday Blitz"]
[Site "Chess.com"]
[Date "2018.06.05"]
[Round "1"]
[White "Leo_C"]
[Black "aspired"]
[Result "0-1"]
[WhiteElo "2220"]
[BlackElo "2543"]
[TimeControl "180+2"]
[EndTime "13:02:48 PDT"]
[Termination "aspired won by resignation"]

1. d4 d5 2. c4 dxc4 3. e4 e5 4. d5 Bb4+ 5. Bd2 Bxd2+ 6. Nxd2 Nf6 7. Bxc4 O-O 8. Ngf3 c6 9. dxc6 Nxc6 10. O-O Bg4 11. Qe2 Nd4 12. Qd3 Nxf3+ 13. Nxf3 Qxd3 14. Bxd3 Bxf3 15. gxf3 Rfd8 16. Rfd1 Rac8 17. f4 exf4 18. Kg2 g5 19. Kf3 h6 20. h4 Nd7 21. hxg5 Ne5+ 22.
Ke2 hxg5 23. f3 Nxd3 24. Rxd3 Rc2+ 0-1

[Event "*** Titled Tuesday Blitz"]
[Site "Chess.com"]
[Date "2018.06.05"]
[Round "1"]
[White "Makalexa"]
[Black "Keaton87"]
[Result "0-1"]
[WhiteElo "2061"]
[BlackElo "2460"]
[TimeControl "180+2"]
[EndTime "13:02:51 PDT"]
[Termination "Keaton87 won by resignation"]

1. e4 c5 2. Nf3 d6 3. d4 Nf6 4. Nc3 cxd4 5. Nxd4 g6 6. Be3 Bg7 7. f3 O-O 8. Qd2 Nc6 9. Bc4 Bd7 10. O-O-O Rc8 11.
Bb3 Nxd4 12. Bxd4 b5 13. Kb1 a5 14. a3 b4 15. axb4 axb4 16. Ba2 bxc3 17. Bxc3 Be6 18. Bxe6 fxe6 19. h4 Qb6 20. g4 Rxc3 21.
Qxc3 Nxe4 22. Qxg7+ Kxg7 23. fxe4 Rb8 24. b3 Qa5 25. Kb2 Qe5+ 0-1

[Event "*** Titled Tuesday Blitz"]
[Site "Chess.com"]
[Date "2018.06.05"]
[Round "1"]
[White "kleinebeer98"]
[Black "chesstatour"]
[Result "1-0"]
[WhiteElo "2452"]
[BlackElo "2049"]
[TimeControl "180+2"]
[EndTime "13:03:23 PDT"]
[Termination "kleinebeer98 won by resignation"]

1. e4 c6 2. d4 d5 3. f3 dxe4 4. fxe4 e5 5. Nf3 Bg4 6. Bc4 Nd7 7. c3 Bd6 8. Qb3 Bxf3 9. Bxf7+ Kf8 10. O-O Ngf6 11.
Rxf3 Qe7 12. Be6 Re8 13. Bxd7 Qxd7 14. Bg5 Qe7 15. Rxf6+ 1-0

[Event "*** Titled Tuesday Blitz"]
[Site "Chess.com"]
[Date "2018.06.05"]
[Round "1"]
[White "Micki-taryan"]
[Black "Orest_Vovk"]
[Result "1-0"]
[WhiteElo "2818"]
[BlackElo "2412"]
[TimeControl "180+2"]
[EndTime "13:03:28 PDT"]
[Termination "Micki-taryan won by resignation"]

1. e4 Nc6 2. Nf3 d5 3. exd5 Qxd5 4. Nc3 Qa5 5. Bb5 Bd7 6. O-O a6 7. Bxc6 Bxc6 8. Re1 O-O-O 9. Ne5 Be8 10. d3 f6 11.
Nc4 Qh5 12. Qxh5 Bxh5 13. Be3 e5 14. f4 exf4 15. Bxf4 Ne7 16. a3 Nd5 17. Nxd5 Rxd5 18. b4 g5 19. Bd2 Bg7 20. Bc3 Re8 21. Rxe8+ Bxe8 22. Rf1 Bb5 23. Ne3 Rd6 24. Nf5 Rc6 25.
Ne7+ Kd7 26. Nxc6 Bxc6 27. Bxf6 Bh6 28. c4 Ba4 29. Bc3 Bc2 30. Rf2 Bb1 31. Rb2 1-0

[Event "*** Titled Tuesday Blitz"]
[Site "Chess.com"]
[Date "2018.06.05"]
[Round "1"]
[White "maziarbagheri"]
[Black "albi1999"]
[Result "1-0"]
[WhiteElo "2271"]
[BlackElo "2552"]
[TimeControl "180+2"]
[EndTime "13:03:34 PDT"]
[Termination "maziarbagheri won by resignation"]

1. Nf3 d5 2. d4 Nf6 3. c4 e6 4. Nc3 c5 5. cxd5 Nxd5 6. e4 Nxc3 7. bxc3 cxd4 8. cxd4 Bb4+ 9. Bd2 Bxd2+ 10. Qxd2 O-O 11. Bc4 Nd7 12. O-O b6 13. Rfd1 Bb7 14. d5 Nc5 15.
Qf4 exd5 16. Bxd5 Qe7 17. Nd4 Bxd5 18. exd5 Qd7 19. Nf5 g6 20. Nh6+ Kg7 21. Ng4 h5 22. Qh6+ 1-0

[Event "*** Titled Tuesday Blitz"]
[Site "Chess.com"]
[Date "2018.06.05"]
[Round "1"]
[White "ChessMavenYeti"]
[Black "enriquetejedor"]
[Result "0-1"]
[WhiteElo "2123"]
[BlackElo "2492"]
[TimeControl "180+2"]
[EndTime "13:03:40 PDT"]
[Termination "enriquetejedor won by resignation"]

1. Nf3 d5 2. g3 c6 3. Bg2 Nf6 4.
O-O Bf5 5. c4 e6 6. b3 h6 7. Bb2 Nbd7 8. d3 Be7 9. Nbd2 O-O 10.
Rc1 a5 11. cxd5 exd5 12. Re1 Bh7 13. Qc2 a4 14. e4 axb3 15. axb3 dxe4 16. dxe4 Re8 17.
Qc3 Qa5 18. Nd4 Bb4 0-1

[Event "*** Titled Tuesday Blitz"]
[Site "Chess.com"]
[Date "2018.06.05"]
[Round "1"]
[White "AlexZambrano"]
[Black "AndreyOstrovskiy"]
[Result "0-1"]
[WhiteElo "2332"]
[BlackElo "2654"]
[TimeControl "180+2"]
[EndTime "13:03:42 PDT"]
[Termination "AndreyOstrovskiy won by resignation"]

1. e4 e5 2. Nf3 Nc6 3. Bb5 a6 4. Ba4 Nf6 5. O-O Be7 6. d4 exd4 7. e5 Ne4 8. Re1 Nc5 9. Bxc6 dxc6 10. Nxd4 O-O 11. Nc3 a5 12. Be3 Re8 13. Qf3 Bf8 14. Nf5 Rxe5 15. Ng3 Qh4 16. Bf4 Bg4 17. Bxe5 Bxf3 18.
gxf3 Bd6 19. Re4 Nxe4 0-1

[Event "*** Titled Tuesday Blitz"]
[Site "Chess.com"]
[Date "2018.06.05"]
[Round "1"]
[White "VovenRogel"]
[Black "Fianchettoed-Tower"]
[Result "1-0"]
[WhiteElo "2638"]
[BlackElo "2321"]
[TimeControl "180+2"]
[EndTime "13:03:50 PDT"]
[Termination "VovenRogel won by resignation"]

1. d4 d5 2. c4 c6 3. Nf3 Nf6 4. e3 Bg4 5. h3 Bh5 6. Nc3 e6 7. g4 Bg6 8. Ne5 Nbd7 9. Nxg6 hxg6 10. Qe2 Qc7 11. Bg2 Bb4 12. Bd2 g5 13. O-O-O O-O-O 14.
Kb1 Bxc3 15. Bxc3 Nf8 16. h4 gxh4 17. g5 Ne4 18. Bxe4 dxe4 19. Qg4 Ng6 20. Qxe4 h3 21. d5 exd5 22. cxd5 Rh4 23. Qf3 h2 24. Bxg7 Qd7 25. Bf6 Re8 26. dxc6 Qxc6 27. Rc1 1-0

[Event "*** Titled Tuesday Blitz"]
[Site "Chess.com"]
[Date "2018.06.05"]
[Round "1"]
[White "julinha97"]
[Black "Ali_rastbod"]
[Result "1/2-1/2"]
[WhiteElo "2211"]
[BlackElo "2514"]
[TimeControl "180+2"]
[EndTime "13:03:52 PDT"]
[Termination "Game drawn by agreement"]

1. e4 e6 2. d4 d5 3. Nc3 Nc6 4. e5 f6 5. exf6 Nxf6 6. Nf3 Bd6 7. Bb5 O-O 8. O-O a6 9. Bxc6 bxc6 10. Ne2 c5 11. c3 cxd4 12. cxd4 c5 13. Bf4 cxd4 14. Bxd6 Qxd6 15. Qxd4 Bd7 16. Nc3 Rac8 17. Ne5 Bb5 18. Nxb5 axb5 19. Rac1 Ne4 20. f3 Nf6 21. a3 Rfd8 22.
Rfe1 Re8 1/2-1/2

[Event "*** Titled Tuesday Blitz"]
[Site "Chess.com"]
[Date "2018.06.05"]
[Round "1"]
[White "murmah2003"]
[Black "savinspm"]
[Result "1-0"]
[WhiteElo "2479"]
[BlackElo "2119"]
[TimeControl "180+2"]
[EndTime "13:03:56 PDT"]
[Termination "murmah2003 won by resignation"]

1. Nf3 Nf6 2. c4 c5 3. Nc3 Nc6 4. g3 g6 5. Bg2 Bg7 6. O-O O-O 7. d4 d6 8. dxc5 dxc5 9. Bf4 e6 10. Bd6 Re8 11.
Bxc5 b6 12. Nd4 Nxd4 13. Bxd4 Rb8 14. Be5 Rb7 15. Qxd8 Rxd8 16. Bxb7 Bxb7 17. Rad1 Rc8 18. b3 Ne4 19. Bxg7 Kxg7 20. Nxe4 Bxe4 21. f3 Bc6 22. e4 Kf6 23. Rfe1 h5 24. Kf2 Ke7 25. Ke3 Rc7 26. Rc1 Rc8 27. Red1 Rc7 28. Rd2 Rc8 29. Rcd1 Ra8 30. Rd6 Rc8 31. e5 Be8 32. f4 Bc6 33. Kd4 Bf3 34. Rc1 Rc5 35. b4 Rc8 36. c5 bxc5+ 37. Rxc5 Rb8 38. Rc7+ Ke8 39. a3 a5 40.
bxa5 Ra8 41. Rdd7 Rxa5 42. Rxf7 Ra4+ 43. Kc3 Rxa3+ 44. Kb2 Rd3 45. Rh7 Kd8 46. Rcg7 1-0

[Event "*** Titled Tuesday Blitz"]
[Site "Chess.com"]
[Date "2018.06.05"]
[Round "1"]
[White "Perecke"]
[Black "shrek4life02"]
[Result "0-1"]
[WhiteElo "1963"]
[BlackElo "2439"]
[TimeControl "180+2"]
[EndTime "13:03:58 PDT"]
[Termination "shrek4life02 won on time"]

1. e4 Nf6 2. Nc3 d6 3. d4 g6 4. Nf3 Bg7 5. Bf4 O-O 6. Bc4 Nh5 7. Bg3 c6 8. O-O b5 9. Bb3 a5 10. a3 h6 11. d5 c5 12. Ba2 b4 13. axb4 axb4 14. Ne2 Bxb2 0-1

[Event "*** Titled Tuesday Blitz"]
[Site "Chess.com"]
[Date "2018.06.05"]
[Round "1"]
[White "pultineviciuspaulius"]
[Black "Albertu"]
[Result "0-1"]
[WhiteElo "2614"]
[BlackElo "2327"]
[TimeControl "180+2"]
[EndTime "13:04:01 PDT"]
[Termination "Albertu won by resignation"]

1. d3 e5 2. Nf3 Nc6 3. g3 Nf6 4. Bg2 d5 5. O-O Be7 6. Bg5 O-O 7. Nc3 h6 8. Bxf6 Bxf6 9. Nd2 Be6 10. e4 d4 11. Nd5 Be7 12. Re1 Nb4 13. Nxe7+ Qxe7 14. Nf3 Qd6 15. Qd2 Na6 16. a3 c5 17. Reb1 b5 18. Nh4 Rab8 19. Nf5 Qd7 20. Qa5 Rb6 21. b4 Rfb8 22.
bxc5 Nxc5 23. Qxb5 Rxb5 24. Re1 Bxf5 25. exf5 Qxf5 26.
h4 Rb2 27. Rac1 Nxd3 0-1

[Event "*** Titled Tuesday Blitz"]
[Site "Chess.com"]
[Date "2018.06.05"]
[Round "1"]
[White "AndrewDGreen"]
[Black "gammagramma"]
[Result "0-1"]
[WhiteElo "2180"]
[BlackElo "2514"]
[TimeControl "180+2"]
[EndTime "13:04:02 PDT"]
[Termination "gammagramma won by resignation"]

1. d4 e6 2. Nf3 Nf6 3. Bf4 d5 4. e3 c5 5. c3 Nc6 6. Nbd2 Bd7 7. Bd3 Be7 8. Ne5 O-O 9. Qf3 Be8 10. Qh3 cxd4 11. exd4 h5 12. Bg5 Nxe5 13. dxe5 Ne4 14. Bxe7 Qxe7 15. Nxe4 dxe4 16. Bxe4 g6 17. O-O Rd8 18.
Rfd1 Ba4 19. b3 Bc6 20. Bxc6 bxc6 21. Qe3 Qa3 22. Rd2 Rd5 23. g3 Rfd8 24. Rad1 Kg7 25. c4 Rxd2 26. Rxd2 Qc1+ 27. Kg2 Qxd2 0-1

[Event "*** Titled Tuesday Blitz"]
[Site "Chess.com"]
[Date "2018.06.05"]
[Round "1"]
[White "Quiet_Desperation"]
[Black "Beca95"]
[Result "0-1"]
[WhiteElo "2399"]
[BlackElo "2774"]
[TimeControl "180+2"]
[EndTime "13:04:06 PDT"]
[Termination "Beca95 won by resignation"]

1. e4 c6 2. Nc3 d5 3. Nf3 dxe4 4. Nxe4 Nf6 5. Nxf6+ exf6 6. d4 Bd6 7. Bd3 O-O 8. O-O Qc7 9. h3 Nd7 10. c4 Rd8 11.
Be3 Nf8 12. Rc1 Ng6 13. Qc2 Be6 14. Rfd1 Qd7 15. Bf1 Bf5 16. Qb3 Bf4 17. d5 Bxe3 18. fxe3 c5 19. Bd3 Bxd3 20. Qxd3 Qd6 21. Rc2 Re8 22.
Re2 Re7 23. Rde1 Rae8 24. e4 Nf4 0-1

[Event "*** Titled Tuesday Blitz"]
[Site "Chess.com"]
[Date "2018.06.05"]
[Round "1"]
[White "Flawless2018"]
[Black "Saitama_Hero"]
[Result "1-0"]
[WhiteElo "2491"]
[BlackElo "2163"]
[TimeControl "180+2"]
[EndTime "13:04:06 PDT"]
[Termination "Flawless2018 won by checkmate"]

1. e4 d6 2. d4 Nf6 3. Nc3 c6 4. f4 Qa5 5. Qf3 e5 6. fxe5 dxe5 7. dxe5 Ng4 8. Qg3 Nxe5 9. Bd3 Nbd7 10. Ne2 Nf6 11.
O-O Be6 12. Nf4 O-O-O 13. Nxe6 fxe6 14. Bf4 Nxd3 15. cxd3 Qb6+ 16. Be3 Qxb2 17. Rfc1 Rxd3 18. Rab1 Qa3 19. Nd5 exd5 20. Rxc6+ bxc6 21. Qb8+ Kd7 22. Rb7+ Ke6 23. Qc8+ Ke5 24. Qb8+ Kxe4 25. Qf4# 1-0

[Event "*** Titled Tuesday Blitz"]
[Site "Chess.com"]
[Date "2018.06.05"]
[Round "1"]
[White "FairChess_on_YouTube"]
[Black "ChainsOfFantasia"]
[Result "1-0"]
[WhiteElo "2969"]
[BlackElo "2427"]
[TimeControl "180+2"]
[EndTime "13:04:14 PDT"]
[Termination "FairChess_on_YouTube won by resignation"]

1. c4 Nf6 2. Nc3 e6 3. Nf3 d5 4.
e3 Be7 5. b3 O-O 6. Bb2 c5 7.
cxd5 Nxd5 8. Qc2 Nc6 9. h4 f5 10. Be2 b6 11. Nxd5 exd5 12. h5 Bf6 13. h6 g6 14. O-O d4 15. exd4 Nxd4 16. Nxd4 Bxd4 17. Bf3 Rb8 18. Qc4+ Kh8 19. Bxd4+ Qxd4 20. Qxd4+ cxd4 21.
Rfe1 Bb7 22. Re7 Bxf3 23. gxf3 Rf6 24. Rae1 Rbf8 25. f4 R6f7 26. Rxf7 1-0

[Event "*** Titled Tuesday Blitz"]
[Site "Chess.com"]
[Date "2018.06.05"]
[Round "1"]
[White "johnathan113"]
[Black "Mbneu"]
[Result "1/2-1/2"]
[WhiteElo "2518"]
[BlackElo "2212"]
[TimeControl "180+2"]
[EndTime "13:04:20 PDT"]
[Termination "Game drawn by repetition"]

1. e4 c5 2. Nf3 Nf6 3. Nc3 d5 4. exd5 Nxd5 5. Bb5+ Bd7 6. Ne5 Bxb5 7. Qf3 f6 8. Qxd5 Qxd5 9. Nxd5 Na6 10. Nc3 Bd7 11. Nxd7 Kxd7 12. a3 e5 13. d3 Kc6 14. Be3 Bd6 15.
O-O-O b5 16. Ne4 b4 17. axb4 Nxb4 18. Bd2 Nd5 19. h4 Rhb8 20. h5 h6 21. Rh3 Rb7 22. c4 Nb4 23. Bxb4 Rxb4 24. Rg3 Bf8 25. Rg6 Rab8 26.
Rd2 a5 27. Rc2 a4 28. Nc3 Kd6 29. Nd5 Rb3 30. Nc3 R3b4 31. Nd5 Rb3 32. Nc3 R3b4 1/2-1/2

[Event "*** Titled Tuesday Blitz"]
[Site "Chess.com"]
[Date "2018.06.05"]
[Round "1"]
[White "kuli4ik"]
[Black "ezkybel"]
[Result "1-0"]
[WhiteElo "2686"]
[BlackElo "2350"]
[TimeControl "180+2"]
[EndTime "13:04:22 PDT"]
[Termination "kuli4ik won by resignation"]

1. d4 e6 2. e4 d5 3. exd5 exd5 4. Nf3 Bd6 5. c4 dxc4 6. Bxc4 Nf6 7. O-O O-O 8. Nc3 Bg4 9. h3 Bh5 10. g4 Bg6 11.
Ne5 Nc6 12. f4 Bxe5 13. dxe5 Ne4 14. Qxd8 Raxd8 15. f5 Nxc3 16. bxc3 Nxe5 17. Bb3 Rd3 18. fxg6 hxg6 19. Bf4 Nf3+ 20. Kf2 Nh4 21. Ke2 Rxh3 22. Rh1 Ng2 23. Bd2 Rg3 24. Kf2 Rxg4 25. Kf3 Rh4 26.
Kxg2 1-0

[Event "*** Titled Tuesday Blitz"]
[Site "Chess.com"]
[Date "2018.06.05"]
[Round "1"]
[White "TableVolleyball"]
[Black "Sameer555"]
[Result "1-0"]
[WhiteElo "2486"]
[BlackElo "2148"]
[TimeControl "180+2"]
[EndTime "13:04:23 PDT"]
[Termination "TableVolleyball won by resignation"]

1. e4 c5 2. Nf3 e6 3. d4 cxd4 4. Nxd4 a6 5. Nc3 Qc7 6. g3 Bb4 7. Bd2 Nf6 8. Bg2 O-O 9. O-O Be7 10. Qe2 d6 11. a4 Nc6 12. Nb3 b6 13. f4 Bb7 14. g4 Nd7 15. Rf3 Nc5 16. Rh3 Nxb3 17. cxb3 Nd4 18. Qd1 f5 19. gxf5 exf5 20. Be3 Ne6 21.
Qh5 h6 22. Rg3 Bf6 23. exf5 Nd4 24. Nd5 Qc2 25. Nxf6+ Rxf6 26. Bxd4 Qe2 27. Qxe2 1-0

[Event "*** Titled Tuesday Blitz"]
[Site "Chess.com"]
[Date "2018.06.05"]
[Round "1"]
[White "EmreDedebas"]
[Black "Tash_Boy"]
[Result "0-1"]
[WhiteElo "2361"]
[BlackElo "2703"]
[TimeControl "180+2"]
[EndTime "13:04:25 PDT"]
[Termination "Tash_Boy won by resignation"]

1. d4 Nf6 2. c4 g6 3. Nc3 Bg7 4. e4 d6 5. Nf3 O-O 6. h3 Qe8 7. Be3 Na6 8. Bd3 e5 9. O-O Nh5 10. dxe5 dxe5 11. c5 b6 12. Na4 Nf4 13. Bxf4 exf4 14.
Rc1 Nb4 15. Bb1 Be6 16. a3 Rd8 17. Nd2 Nd3 18. Bxd3 Rxd3 19. Nc3 Qd7 20. Rc2 Rd8 21. Ncb1 Bb3 0-1

[Event "*** Titled Tuesday Blitz"]
[Site "Chess.com"]
[Date "2018.06.05"]
[Round "1"]
[White "saikrishnaReturns"]
[Black "bugsbunny444"]
[Result "1-0"]
[WhiteElo "2642"]
[BlackElo "2325"]
[TimeControl "180+2"]
[EndTime "13:04:25 PDT"]
[Termination "saikrishnaReturns won by resignation"]

1. e4 c5 2. Nf3 e6 3. d4 cxd4 4. Nxd4 a6 5. Bd3 Nf6 6. O-O Qc7 7. Nc3 Bc5 8. Nb3 Be7 9. f4 d6 10. Qf3 b5 11. Qg3 O-O 12. e5 Nfd7 13. f5 dxe5 14. Bh6 g6 15. fxg6 fxg6 16. Bxg6 1-0

[Event "*** Titled Tuesday Blitz"]
[Site "Chess.com"]
[Date "2018.06.05"]
[Round "1"]
[White "GABUZYAN_CHESSMOOD"]
[Black "RamonManon0g"]
[Result "1-0"]
[WhiteElo "2597"]
[BlackElo "2277"]
[TimeControl "180+2"]
[EndTime "13:04:34 PDT"]
[Termination "GABUZYAN_CHESSMOOD won by resignation"]

1. Nf3 Nf6 2. d4 g6 3. c4 d5 4.
Nc3 Bg7 5. cxd5 Nxd5 6. Bd2 Nb6 7.
e3 O-O 8. Rc1 c5 9. dxc5 N6d7 10.
Na4 Nc6 11. Bb5 a6 12. Bxc6 bxc6 13. Bc3 Nf6 14. O-O Qc7 15. Nb6 Rb8 16. Qa4 Rb7 17. h3 Ra7 18. Rfd1 Be6 19. Be5 Qb7 20. Nd4 Bc8 21.
Nxc6 Be6 22. Nxa7 Qxa7 23. Bd4 Rb8 24. b4 Nd7 25. b5 a5 26. Nxd7 Bxd7 27. c6 Qc7 28.
Bxg7 Be6 29. Qd4 1-0

[Event "*** Titled Tuesday Blitz"]
[Site "Chess.com"]
[Date "2018.06.05"]
[Round "1"]
[White "Angry_Serb"]
[Black "LordIron"]
[Result "1-0"]
[WhiteElo "2511"]
[BlackElo "2176"]
[TimeControl "180+2"]
[EndTime "13:04:41 PDT"]
[Termination "Angry_Serb won by resignation"]

1. e4 c5 2. Nc3 e6 3. Nf3 d5 4.
exd5 exd5 5. d4 Nf6 6. Bg5 Be6 7. Bb5+ Nc6 8. O-O Be7 9. dxc5 O-O 10. Bxc6 bxc6 11.
Nd4 Qd7 12. Qf3 Rab8 13. Nb3 h6 14. Bf4 Bf5 15. Bxb8 Rxb8 16. Rac1 Rb4 17. h3 d4 18. Rfd1 Qc7 19. Rxd4 1-0

[Event "*** Titled Tuesday Blitz"]
[Site "Chess.com"]
[Date "2018.06.05"]
[Round "1"]
[White "playablecharacter"]
[Black "Swarnapuri"]
[Result "0-1"]
[WhiteElo "2051"]
[BlackElo "2454"]
[TimeControl "180+2"]
[EndTime "13:04:47 PDT"]
[Termination "Swarnapuri won by resignation"]

1. d4 Nc6 2. Nf3 d5 3. Bf4 Bg4 4. e3 e6 5. h3 Bh5 6. c4 Bb4+ 7. Nc3 Nf6 8. Be2 Ne4 9. Rc1 Bg6 10. Qb3 Qe7 11. cxd5 exd5 12. O-O Bxc3 13. bxc3 O-O 14. Qxb7 Na5 15. Qxc7 Qa3 16. Ne1 Qxc1 0-1

[Event "*** Titled Tuesday Blitz"]
[Site "Chess.com"]
[Date "2018.06.05"]
[Round "1"]
[White "Gr3egor"]
[Black "Fandorine"]
[Result "0-1"]
[WhiteElo "2375"]
[BlackElo "2721"]
[TimeControl "180+2"]
[EndTime "13:04:49 PDT"]
[Termination "Fandorine won by resignation"]

1. d4 Nf6 2. c4 g6 3. Nc3 Bg7 4. e4 d6 5. Be2 O-O 6. Be3 Na6 7. g4 e5 8. g5 Ng4 9. Bxg4 Bxg4 10.
Qxg4 exd4 11. Bd2 dxc3 12. Bxc3 Bxc3+ 13. bxc3 Nc5 14. h4 Nxe4 15. Ne2 Qe7 16. Rh3 f5 17.
gxf6 Rxf6 18. Re3 Nxf2 19. Rxe7 Nxg4 20. Rxc7 Re8 21. Kd2 Rf2 22. Re1 Nh2 23. c5 Nf3+ 24. Kd1 dxc5 0-1

[Event "*** Titled Tuesday Blitz"]
[Site "Chess.com"]
[Date "2018.06.05"]
[Round "1"]
[White "GoingKronos"]
[Black "GM_dmitrij"]
[Result "0-1"]
[WhiteElo "2337"]
[BlackElo "2665"]
[TimeControl "180+2"]
[EndTime "13:04:54 PDT"]
[Termination "GM_dmitrij won by resignation"]

1. Nf3 d5 2. c4 d4 3. e3 Nc6 4. exd4 Nxd4 5. Nxd4 Qxd4 6. Nc3 c6 7. d3 Nh6 8. Be2 g6 9. h3 Bg7 10. Be3 Qd8 11. g4 f5 12. f3 O-O 13. Qd2 Nf7 14.
O-O-O b5 15. h4 Qa5 16. Qc2 Be6 17. Kb1 Rab8 18. c5 b4 19. Na4 b3 0-1

[Event "*** Titled Tuesday Blitz"]
[Site "Chess.com"]
[Date "2018.06.05"]
[Round "1"]
[White "Tesla37"]
[Black "orrbaverlekszarnyon"]
[Result "1-0"]
[WhiteElo "2627"]
[BlackElo "2266"]
[TimeControl "180+2"]
[EndTime "13:04:57 PDT"]
[Termination "Tesla37 won by resignation"]

1. Nf3 c5 2. g3 d5 3. Bg2 Nc6 4.
O-O Nf6 5. d3 Bg4 6. Nbd2 e6 7.
h3 Bxf3 8. Bxf3 Be7 9. e4 dxe4 10. dxe4 O-O 11. Bg2 Qc7 12. c3 Rfd8 13. Qe2 Ne5 14. Nc4 Nxc4 15. Qxc4 a6 16. a4 Qd7 17. e5 Nd5 18. a5 Qb5 19. Qg4 Bf8 20. c4 h5 21.
Qe2 Qb3 22. cxd5 exd5 23. Ra3 Qb4 24. Qxh5 d4 25. Rf3 g6 26. Qh4 Re8 27. Bg5 Bg7 28. Bf6 Qxa5 29. Bxg7 Kxg7 30. Qf6+ 1-0

[Event "*** Titled Tuesday Blitz"]
[Site "Chess.com"]
[Date "2018.06.05"]
[Round "1"]
[White "plouarzel"]
[Black "Zaven_ChessMood"]
[Result "0-1"]
[WhiteElo "2421"]
[BlackElo "2849"]
[TimeControl "180+2"]
[EndTime "13:05:05 PDT"]
[Termination "Zaven_ChessMood won by resignation"]

1. e4 c5 2. Nf3 d6 3. Bb5+ Nc6 4. Bxc6+ bxc6 5. O-O Bg4 6. d3 e5 7. Nbd2 Be7 8. h3 Bh5 9. Re1 Nf6 10. Nf1 h6 11. Ng3 Bg6 12. c3 O-O 13. d4 cxd4 14.
cxd4 exd4 15. Nxd4 Rc8 16. b3 d5 17. e5 Ne4 18. Nxe4 Bxe4 19. Bb2 c5 20. Ne2 Bh7 21. Qd2 d4 22. Ng3 Qd5 23. Rad1 Rfd8 24. Qf4 d3 25.
Nf5 Bg5 26. Qg4 Bxf5 27. Qxf5 c4 28. bxc4 Rxc4 29. g3 g6 0-1

[Event "*** Titled Tuesday Blitz"]
[Site "Chess.com"]
[Date "2018.06.05"]
[Round "1"]
[White "champ2005"]
[Black "MFBerna"]
[Result "1-0"]
[WhiteElo "2549"]
[BlackElo "2226"]
[TimeControl "180+2"]
[EndTime "13:05:07 PDT"]
[Termination "champ2005 won by resignation"]

1. e4 c6 2. Nc3 d5 3. Qf3 e6 4.
d4 dxe4 5. Qxe4 Nf6 6. Qh4 Be7 7. Nf3 Nbd7 8. Bg5 Qb6 9. O-O-O O-O 10. Bd3 a5 11. Ne5 h6 12. Bxh6 Nxe5 13. dxe5 Nd5 14. Qg3 g6 15. Bxg6 Kh8 16. Bh7 1-0